| TOP OF THE 1ST |
|
Oklahoma City 89ers batting - Pitching for Tulsa Drillers : RHP Luis Garcia
|
|
Pitching: RHP Luis Garcia
|
|
|
Batting: RHB James Glenn
|
0-0: Called Strike 0-1: Ball 1-1: Ball 2-1: SINGLE (Groundball, 6M, EV 105.6 MPH) (infield hit)
|
|
Batting: RHB John Christensen
|
0-0: Ball 1-0: Called Strike 1-1: 2-RUN HOME RUN (Flyball, 89XD, EV 105.0 MPH), Distance : 386 ft
|
|
Batting: LHB Tom O'Malley
|
0-0: Called Strike 0-1: Ground out 6-3 (Groundball, 6, EV 108.1 MPH)
|
|
Batting: RHB David Green
|
0-0: Ball 1-0: Ball 2-0: Ground out 6-3 (Groundball, 6, EV 102.5 MPH)
|
|
Batting: RHB Cecil Fielder
|
0-0: Ball 1-0: Called Strike 1-1: Ball 2-1: Foul Ball, location: 2F 2-2: Ball 3-2: Fly out, F7 (Flyball, 7, EV 91.9 MPH)
|
| Top of the 1st over - 2 runs, 2 hits, 0 errors, 0 left on base; Oklahoma City 2 - Tulsa 0 |
| BOTTOM OF THE 1ST |
|
Tulsa Drillers batting - Pitching for Oklahoma City 89ers : RHP Chris Whitt
|
|
Pitching: RHP Chris Whitt
|
|
|
Batting: SHB Paul Householder
|
0-0: Called Strike 0-1: Fly out, F8 (Flyball, 8LXD, EV 93.1 MPH)
|
|
Batting: RHB Victor Rios
|
0-0: Ball 1-0: Ground out 6-3 (Groundball, 6, EV 85.0 MPH)
|
|
Batting: LHB Mike Pagliarulo
|
0-0: Ground out 4-3 (Groundball, 4, EV 88.1 MPH)
|
| Bottom of the 1st over - 0 runs, 0 hits, 0 errors, 0 left on base; Oklahoma City 2 - Tulsa 0 |
| TOP OF THE 2ND |
|
Oklahoma City 89ers batting - Pitching for Tulsa Drillers : RHP Luis Garcia
|
|
Batting: RHB Nick Esasky
|
0-0: Swinging Strike 0-1: Ground out 6-3 (Groundball, 6, EV 82.5 MPH)
|
|
Batting: LHB John Harris
|
0-0: Ball 1-0: Ball 2-0: Ground out 4-3 (Groundball, 4M, EV 95.0 MPH)
|
|
Batting: RHB Danny Jasso
|
0-0: Foul Ball, location: 2F 0-1: Ground out 5-3 (Groundball, 56S, EV 76.9 MPH)
|
| Top of the 2nd over - 0 runs, 0 hits, 0 errors, 0 left on base; Oklahoma City 2 - Tulsa 0 |
| BOTTOM OF THE 2ND |
|
Tulsa Drillers batting - Pitching for Oklahoma City 89ers : RHP Chris Whitt
|
|
Batting: LHB Jim Adduci
|
0-0: Swinging Strike 0-1: Ball 1-1: Ball 2-1: Fly out, F7 (Flyball, 78D, EV 95.0 MPH)
|
|
Batting: SHB Luis Quinones
|
0-0: Swinging Strike 0-1: Foul Ball, location: 2F 0-2: Ball 1-2: Ball 2-2: DOUBLE (Line Drive, 7LD, EV 110.0 MPH)
|
|
Batting: LHB Randy Braun
|
0-0: Ball 1-0: Ground out 4-3 (Groundball, 4S, EV 90.6 MPH) Luis Quinones to third
|
|
Batting: RHB Steve Herz
|
0-0: Called Strike 0-1: Ball 1-1: Foul Ball, location: 2F 1-2: Fly out, F8 (Flyball, 8RD, EV 88.8 MPH)
|
| Bottom of the 2nd over - 0 runs, 1 hit, 0 errors, 1 left on base; Oklahoma City 2 - Tulsa 0 |
| TOP OF THE 3RD |
|
Oklahoma City 89ers batting - Pitching for Tulsa Drillers : RHP Luis Garcia
|
|
Batting: RHB Robert Bailey
|
0-0: Swinging Strike 0-1: Foul Ball, location: 2F 0-2: Ground out 6-3 (Groundball, 6, EV 103.1 MPH)
|
|
Batting: RHB James Glenn
|
0-0: Ball 1-0: Called Strike 1-1: Ground out 6-3 (Groundball, 56, EV 83.1 MPH)
|
|
Batting: RHB John Christensen
|
0-0: Ball 1-0: Fly out, F8 (Flyball, 8LXD, EV 103.8 MPH)
|
| Top of the 3rd over - 0 runs, 0 hits, 0 errors, 0 left on base; Oklahoma City 2 - Tulsa 0 |
| BOTTOM OF THE 3RD |
|
Tulsa Drillers batting - Pitching for Oklahoma City 89ers : RHP Chris Whitt
|
|
Batting: RHB Nick Belmonte
|
0-0: Called Strike 0-1: Ball 1-1: Ball 2-1: Foul Ball, location: 2F 2-2: Strikes out swinging
|
|
Batting: RHB Kevin Coon
|
0-0: Called Strike 0-1: Ground out U3 (Groundball, 34S, EV 70.0 MPH)
|
|
Batting: SHB Paul Householder
|
0-0: Ball 1-0: Ball 2-0: Fly out, F7 (Flyball, 7LM, EV 89.4 MPH)
|
| Bottom of the 3rd over - 0 runs, 0 hits, 0 errors, 0 left on base; Oklahoma City 2 - Tulsa 0 |
| TOP OF THE 4TH |
|
Oklahoma City 89ers batting - Pitching for Tulsa Drillers : RHP Luis Garcia
|
|
Batting: LHB Tom O'Malley
|
0-0: Ball 1-0: Foul Ball, location: 2F 1-1: Ball 2-1: Ball 3-1: Called Strike 3-2: SINGLE (Line Drive, 7LS, EV 94.4 MPH)
|
|
Batting: RHB David Green
|
0-0: Ball 1-0: Called Strike 1-1: Fly out, F6 (Flyball, 56D, EV 89.4 MPH)
|
|
Batting: RHB Cecil Fielder
|
0-0: Ball 1-0: Foul Ball, location: 2F 1-1: Swinging Strike 1-2: Foul Ball, location: 2F 1-2: Strikes out swinging
|
|
Batting: RHB Nick Esasky
|
0-0: Foul Ball, location: 2F 0-1: Swinging Strike 0-2: Strikes out swinging
|
| Top of the 4th over - 0 runs, 1 hit, 0 errors, 1 left on base; Oklahoma City 2 - Tulsa 0 |
| BOTTOM OF THE 4TH |
|
Tulsa Drillers batting - Pitching for Oklahoma City 89ers : RHP Chris Whitt
|
|
Batting: RHB Victor Rios
|
0-0: Called Strike 0-1: Hit by Pitch
|
|
Batting: LHB Mike Pagliarulo
|
0-0: SINGLE (Line Drive, 78S, EV 101.3 MPH) Victor Rios to second
|
|
Batting: LHB Jim Adduci
|
0-0: Ball 1-0: Ball 2-0: Ball 3-0: Base on Balls Victor Rios to third Mike Pagliarulo to second
|
|
Batting: SHB Luis Quinones
|
0-0: Fly out, F9 (Line Drive, 9, EV 85.0 MPH) Runner from 3rd tags up, SCORES, throw by RF
|
|
Batting: LHB Randy Braun
|
0-0: Ball 1-0: Fly out, F8 (Flyball, 8LS, EV 88.1 MPH)
|
|
Batting: RHB Steve Herz
|
0-0: Swinging Strike 0-1: Called Strike 0-2: Ball 1-2: Ground out 5-3 (Groundball, 56S, EV 83.8 MPH)
|
| Bottom of the 4th over - 1 run, 1 hit, 0 errors, 2 left on base; Oklahoma City 2 - Tulsa 1 |
| TOP OF THE 5TH |
|
Oklahoma City 89ers batting - Pitching for Tulsa Drillers : RHP Luis Garcia
|
|
Batting: LHB John Harris
|
0-0: Ball 1-0: Foul Ball, location: 2F 1-1: SINGLE (Groundball, 4MD, EV 110.6 MPH)
|
|
Batting: RHB Danny Jasso
|
0-0: Sac Bunt to 3S - play at first, batter OUT! 3-1 John Harris to second
|
|
Batting: RHB Robert Bailey
|
0-0: Ground out 4-3 (Groundball, 34, EV 88.8 MPH) John Harris to third
|
|
Batting: RHB James Glenn
|
0-0: Ball 1-0: Foul Ball, location: 2F 1-1: SINGLE (Groundball, 6MD, EV 106.9 MPH) John Harris scores
|
|
Batting: RHB John Christensen
|
0-0: Fly out, F2 (Popup, 23F, EV 81.9 MPH)
|
| Top of the 5th over - 1 run, 2 hits, 0 errors, 1 left on base; Oklahoma City 3 - Tulsa 1 |
| BOTTOM OF THE 5TH |
|
Tulsa Drillers batting - Pitching for Oklahoma City 89ers : RHP Chris Whitt
|
|
Batting: RHB Nick Belmonte
|
0-0: Called Strike 0-1: Fly out, F8 (Flyball, 78D, EV 98.1 MPH)
|
|
Batting: RHB Kevin Coon
|
0-0: Ball 1-0: SINGLE (Flyball, 78S, EV 83.8 MPH)
|
|
Batting: SHB Paul Householder
|
0-0: Hit by Pitch Kevin Coon to second
|
|
Batting: RHB Victor Rios
|
0-0: Ball 1-0: Foul Ball, location: 2F 1-1: Fly out, F8 (Flyball, 8LD, EV 92.5 MPH)
|
|
Batting: LHB Mike Pagliarulo
|
0-0: Foul Ball, location: 2F 0-1: Ball 1-1: Ball 2-1: Called Strike 2-2: Ball 3-2: SINGLE (Groundball, 4D, EV 104.4 MPH) Kevin Coon to third Paul Householder to second Kevin Coon scores Paul Householder to third
|
|
Batting: LHB Jim Adduci
|
0-0: Ball 1-0: Ball 2-0: Called Strike 2-1: SINGLE (Line Drive, 56D, EV 101.9 MPH) Paul Householder scores Mike Pagliarulo to second
|
|
Batting: SHB Luis Quinones
|
0-0: Called Strike 0-1: Ball 1-1: Fly out, F4 (Popup, 4D, EV 66.3 MPH)
|
| Bottom of the 5th over - 2 runs, 3 hits, 0 errors, 2 left on base; Oklahoma City 3 - Tulsa 3 |
| TOP OF THE 6TH |
|
Oklahoma City 89ers batting - Pitching for Tulsa Drillers : RHP Luis Garcia
|
|
Batting: LHB Tom O'Malley
|
0-0: Ball 1-0: Fly out, F7 (Flyball, 7LM, EV 98.8 MPH)
|
|
Batting: RHB David Green
|
0-0: Ground out 6-3 (Groundball, 6, EV 108.8 MPH)
|
|
Batting: RHB Cecil Fielder
|
0-0: Ball 1-0: Called Strike 1-1: Swinging Strike 1-2: Ball 2-2: Strikes out looking
|
| Top of the 6th over - 0 runs, 0 hits, 0 errors, 0 left on base; Oklahoma City 3 - Tulsa 3 |
| BOTTOM OF THE 6TH |
|
Tulsa Drillers batting - Pitching for Oklahoma City 89ers : RHP Chris Whitt
|
|
Batting: LHB Randy Braun
|
0-0: Foul Ball, location: 2F 0-1: SINGLE (Groundball, 34D, EV 108.8 MPH)
|
|
Batting: RHB Steve Herz
|
0-0: Bunted foul 0-1: Bunt - Flyout to 13S! F1
|
|
Batting: RHB Nick Belmonte
|
0-0: Called Strike 0-1: SINGLE (Groundball, 56D, EV 99.4 MPH) Randy Braun to second
|
|
Batting: RHB Kevin Coon
|
0-0: Ball 1-0: Ground out U3 (Groundball, 34S, EV 91.9 MPH) Randy Braun to third Nick Belmonte to second
|
|
Batting: SHB Paul Householder
|
0-0: Intentional Walk
|
|
Batting: RHB Victor Rios
|
0-0: SINGLE (Groundball, P, EV 88.1 MPH) (infield hit) Randy Braun scores Nick Belmonte to third Paul Householder to second
|
|
Batting: LHB Mike Pagliarulo
|
0-0: Ball 1-0: Fly out, F7 (Line Drive, 7, EV 93.8 MPH)
|
| Bottom of the 6th over - 1 run, 3 hits, 0 errors, 3 left on base; Oklahoma City 3 - Tulsa 4 |
| TOP OF THE 7TH |
|
Oklahoma City 89ers batting - Pitching for Tulsa Drillers : RHP Luis Garcia
|
|
Batting: RHB Nick Esasky
|
0-0: Called Strike 0-1: Foul Ball, location: 2F 0-2: DOUBLE (Line Drive, 7LD, EV 101.9 MPH)
|
|
Batting: LHB John Harris
|
0-0: Called Strike 0-1: Ball 1-1: Swinging Strike 1-2: Ball 2-2: Strikes out swinging
|
|
Pinch Hitting: LHB Jorge Oquendo
|
0-0: Ball 1-0: Foul Ball, location: 2F 1-1: Called Strike 1-2: Ball 2-2: Ball 3-2: Base on Balls
|
|
Batting: RHB Robert Bailey
|
0-0: Ball 1-0: Ball 2-0: SINGLE (Line Drive, 89M, EV 95.6 MPH) Nick Esasky to third Jorge Oquendo to second Runner from 3rd tries for Home, SAFE, throw by CF to home
|
|
Batting: RHB James Glenn
|
0-0: Hit by Pitch Jorge Oquendo to third Robert Bailey to second
|
|
Batting: RHB John Christensen
|
0-0: Called Strike 0-1: Ball 1-1: Ball 2-1: Foul Ball, location: 2F 2-2: Foul Ball, location: 2F 2-2: Ball 3-2: Foul Ball, location: 2F 3-2: Grounds into fielders choice 6-2 (Groundball, 6, EV 95.0 MPH) Robert Bailey to third James Glenn to second
|
|
Batting: LHB Tom O'Malley
|
0-0: Ball 1-0: SINGLE (Groundball, 34D, EV 97.5 MPH) Robert Bailey scores James Glenn to third John Christensen to second Runner from 3rd tries for Home, SAFE, throw by RF to home
|
|
Pitching: RHP Dwayne Robins
|
|
|
Batting: RHB David Green
|
0-0: TRIPLE (Line Drive, 89XD, EV 102.5 MPH) John Christensen scores Tom O'Malley scores
|
|
Batting: RHB Cecil Fielder
|
0-0: Ball 1-0: Called Strike 1-1: Called Strike 1-2: Foul Ball, location: 2F 1-2: Strikes out looking
|
| Top of the 7th over - 5 runs, 4 hits, 0 errors, 1 left on base; Oklahoma City 8 - Tulsa 4 |
| BOTTOM OF THE 7TH |
|
Tulsa Drillers batting - Pitching for Oklahoma City 89ers : RHP Chris Whitt
|
|
Now at SS: Peter Reppucci
|
|
|
Batting: LHB Jim Adduci
|
0-0: Ball 1-0: Ground out 1-3 (Groundball, 13S, EV 76.3 MPH)
|
|
Batting: SHB Luis Quinones
|
0-0: Called Strike 0-1: Called Strike 0-2: Fly out, F7 (Flyball, 7LM, EV 95.6 MPH)
|
|
Batting: LHB Randy Braun
|
0-0: Ball 1-0: Foul Ball, location: 2F 1-1: Ball 2-1: Ball 3-1: Base on Balls
|
|
Batting: RHB Steve Herz
|
0-0: Swinging Strike 0-1: Ground out 6-3 (Groundball, 6S, EV 70.0 MPH)
|
| Bottom of the 7th over - 0 runs, 0 hits, 0 errors, 1 left on base; Oklahoma City 8 - Tulsa 4 |
| TOP OF THE 8TH |
|
Oklahoma City 89ers batting - Pitching for Tulsa Drillers : RHP Dwayne Robins
|
|
Batting: RHB Nick Esasky
|
0-0: Ball 1-0: Ball 2-0: Called Strike 2-1: Foul Ball, location: 2F 2-2: Ball 3-2: Base on Balls
|
|
Batting: LHB John Harris
|
0-0: Called Strike 0-1: Called Strike 0-2: Ball 1-2: Ball 2-2: Strikes out swinging
|
|
Batting: RHB Peter Reppucci
|
0-0: Ball 1-0: Foul Ball, location: 2F 1-1: Foul Ball, location: 2F 1-2: Ball 2-2: Ball Nick Esasky steals 2nd base 3-2: Strikes out swinging
|
|
Batting: RHB Robert Bailey
|
0-0: SINGLE (Line Drive, 8LS, EV 108.1 MPH) Nick Esasky to third Runner from 3rd tries for Home, SAFE, throw by CF to home
|
|
Batting: RHB James Glenn
|
0-0: Ball 1-0: Swinging Strike 1-1: Ball 2-1: Foul Ball, location: 2F 2-2: Fielders Choice at 2nd, U4 (Groundball, 4M, EV 103.8 MPH)
|
| Top of the 8th over - 1 run, 1 hit, 0 errors, 1 left on base; Oklahoma City 9 - Tulsa 4 |
| BOTTOM OF THE 8TH |
|
Tulsa Drillers batting - Pitching for Oklahoma City 89ers : RHP Chris Whitt
|
|
Batting: RHB Nick Belmonte
|
0-0: SINGLE (Groundball, P, EV 82.5 MPH) (infield hit)
|
|
Batting: RHB Kevin Coon
|
0-0: Ball 1-0: Ball 2-0: Fielders Choice at 2nd, 5-4 (Groundball, 5, EV 86.9 MPH)
|
|
Batting: SHB Paul Householder
|
0-0: Ball 1-0: Ball 2-0: Ball 3-0: Called Strike 3-1: Fly out, F6 (Popup, 6MS, EV 81.9 MPH)
|
|
Batting: RHB Victor Rios
|
0-0: Foul Ball, location: 2F 0-1: Ball 1-1: Foul Ball, location: 2F 1-2: Reached on error, E4 (Groundball, 4, EV 80.0 MPH) Kevin Coon to second
|
|
Batting: LHB Mike Pagliarulo
|
0-0: Ball 1-0: Ball 2-0: Ball 3-0: Called Strike 3-1: Foul Ball, location: 2F 3-2: Foul Ball, location: 2F 3-2: Foul Ball, location: 2F 3-2: Base on Balls Kevin Coon to third Victor Rios to second
|
|
Batting: LHB Jim Adduci
|
0-0: Called Strike 0-1: Called Strike 0-2: Ball 1-2: Ball 2-2: Fly out, F6 (Popup, 6, EV 68.8 MPH)
|
| Bottom of the 8th over - 0 runs, 1 hit, 1 error, 3 left on base; Oklahoma City 9 - Tulsa 4 |
| TOP OF THE 9TH |
|
Oklahoma City 89ers batting - Pitching for Tulsa Drillers : RHP Dwayne Robins
|
|
Batting: RHB John Christensen
|
0-0: Called Strike 0-1: SINGLE (Groundball, 34D, EV 97.5 MPH)
|
|
Batting: LHB Tom O'Malley
|
0-0: Swinging Strike 0-1: Swinging Strike 0-2: Strikes out swinging
|
|
Batting: RHB David Green
|
0-0: Called Strike John Christensen is caught stealing 2nd base 2-4 0-1: Ball 1-1: Foul Ball, location: 2F 1-2: SINGLE (Groundball, 34D, EV 108.8 MPH)
|
|
Batting: RHB Cecil Fielder
|
0-0: Ball David Green steals 2nd, throwing error, E2 David Green to third 1-0: Ball 2-0: SINGLE (Flyball, 9S, EV 85.6 MPH) David Green scores
|
|
Batting: RHB Nick Esasky
|
0-0: Swinging Strike 0-1: Called Strike 0-2: Ball 1-2: Ball 2-2: Foul Ball, location: 2F 2-2: Strikes out looking
|
| Top of the 9th over - 1 run, 3 hits, 1 error, 1 left on base; Oklahoma City 10 - Tulsa 4 |
| BOTTOM OF THE 9TH |
|
Tulsa Drillers batting - Pitching for Oklahoma City 89ers : RHP Chris Whitt
|
|
Batting: SHB Luis Quinones
|
0-0: Ball 1-0: Ground out 4-3 (Groundball, 4, EV 77.5 MPH)
|
|
Batting: LHB Randy Braun
|
0-0: Ground out 4-3 (Groundball, 34, EV 86.9 MPH)
|
|
Batting: RHB Steve Herz
|
0-0: Ground out 6-3 (Groundball, 6, EV 78.1 MPH)
|
| Bottom of the 9th over - 0 runs, 0 hits, 0 errors, 0 left on base; Oklahoma City 10 - Tulsa 4 |
|